 Seeded DCSS version 0.29.1-15-g9cfb28693d (webtiles) character file.

Game seed: 16245865983455551772 (custom seed)

1076 Darius099 the Covert (level 8, -5/57 HPs)
             Began as an Octopode Brigand on Mar 19, 2023.
             Was an Initiate of Dithmenos.
             Slain by an orc warrior
             ... wielding a +0 battleaxe
              (18 damage)
             ... on level 6 of the Dungeon on Mar 20, 2023.
             The game lasted 00:20:17 (5150 turns).

Darius099 the Covert (Octopode Brigand)             Turns: 5150, Time: 00:20:18

Health: -5/57      AC:  1    Str: 10    XL:     8   Next: 29%
Magic:  8/8        EV: 12    Int: 26    God:    Dithmenos [......]
Gold:   962        SH:  0    Dex: 15    Spells: 7/7 levels left

rFire   . . .      SeeInvis .   a - +2 dagger
rCold   . . .      Faith    .   (no shield)
rNeg    . . .      Spirit   .   (helmet restricted)
rPois   .          Reflect  .   m - amulet of regeneration
rElec   .          Harm     .   h - +6 ring of intelligence
rCorr   .          Rampage  .   i - +6 ring of intelligence
Will    .....                   (no ring)
Stlth   ++++++....              (no ring)
HPRegen 0.99/turn               (no ring)
MPRegen 0.11/turn               (no ring)
                                (no ring)
                                (no ring)

@: studying 2 skills
A: almost no armour, amphibious, 8 rings, camouflage 1, gelatinous body 1,
(nimble swimmer 1), tentacles
a: Renounce Religion


You were on level 6 of the Dungeon.
You worshipped Dithmenos.
Dithmenos was noncommittal.
You visited 1 branch of the dungeon, and saw 6 of its levels.

You collected 962 gold pieces.

Inventory:

Hand Weapons
 a - a +2 dagger (weapon)
Missiles
 b - 15 poisoned darts (quivered)
 c - 3 curare-tipped darts
Jewellery
 h - a +6 ring of intelligence (left tentacle)
 i - a +6 ring of intelligence (right tentacle)
 m - an amulet of regeneration (around mantle)
 u - a ring of ice
Wands
 o - a wand of roots (12)
Scrolls
 d - a scroll of enchant weapon {unknown}
 g - 5 scrolls of teleportation {unknown}
 j - 5 scrolls of identify {unknown}
 l - 2 scrolls of summoning {unknown}
 n - 2 scrolls of immolation {unknown}
 p - a scroll of noise {unknown}
 t - a scroll of silence {unknown}
 v - a scroll of butterflies {unknown}
 x - a scroll of acquirement
Potions
 e - a potion of might {unknown}
 f - 2 potions of flight {unknown}
 k - 2 potions of lignification {unknown}
 q - a potion of brilliance {unknown}
 r - a potion of berserk rage {unknown}
 s - a potion of heal wounds {unknown}
 w - a potion of curing {unknown}


   Skills:
 + Level 5.7 Fighting
 + Level 5.7 Short Blades
 - Level 2.0 Throwing
 - Level 1.0 Dodging
 + Level 11.7 Stealth


You had 7 spell levels left.
You didn't know any spells.
Your spell library contained the following spells:

 Spells                   Type           Power      Damage    Failure   Level
 Sting                    Tmut/Pois      0%         1d3       13%         1
 Poisonous Vapours        Pois/Air       0%         N/A       19%         2
 Confusing Touch          Hex            0%         N/A       36%         3
 Olgreb's Toxic Radiance  Pois           0%         N/A       77%         4
 Yara's Violent Unravell  Hex/Tmut       0%         3d3       98%         5
 Enfeeble                 Hex            0%         N/A       100%        7
 Chain Lightning          Conj/Air       0%         N/A       100%        9
 Fire Storm               Conj/Fire      0%         5d1       100%        9
 Shatter                  Erth           0%         3d5*      100%        9


Dungeon Overview and Level Annotations

Branches:
Dungeon (6/15)             Temple (0/1) D:5

Altars:
Cheibriados
Dithmenos
Makhleb
Zin

Shops:
D:3 [   D:4 *:[


Innate Abilities, Weirdness & Mutations

You cannot wear most types of armour.
You are amphibious.
You can wear up to eight rings at the same time.
Your skin changes colour to match your surroundings (Stealth+).
Your rubbery body absorbs attacks. (AC +1, EV +1)
((You are camouflaged when in or above water. (Stealth+)))
You have tentacles for arms and can constrict up to eight enemies at once.


Message History

The orc warrior closely misses you.
The grasping roots constrict the orc warrior.
The orc warrior struggles to escape constriction.
You open the door.
The grasping roots constrict the orc warrior!
The roots release their grip on the orc warrior.
Hit: a) +2 dagger
Press: ? - help, Dir - move target, f/p - orc warrior
Aim: an orc warrior, wielding a +0 battleaxe and wearing a +0 plate armour (heavily wounded, about 31% to evade your +2 dagger)
You barely miss the orc warrior. You grab the orc warrior.
You squeeze the orc warrior.
The orc warrior is severely wounded.
You constrict the orc warrior, but do no damage.
The orc warrior closely misses you.
Aiming: Fastroot
Press: ? - help, Shift-Dir - straight line, f/p - orc warrior
Aim: an orc warrior, wielding a +0 battleaxe and wearing a +0 plate armour (severely wounded, constricted by you)
The roots erupt in riotous growth!
The orc warrior is unaffected.
Roots grab the adder.
You constrict the orc warrior, but do no damage.
The grasping roots constrict the adder.
You hear an angry hiss.
You hear a bark!
The orc warrior barely misses you.
You release your grip on the orc warrior.
The grasping roots constrict the adder.
An orc comes into view. It is wielding a +0 dagger.
There is an open door here.
You hit the orc warrior but do no damage.
You grab the orc warrior.
The orc warrior is severely wounded.
You constrict the orc warrior, but do no damage.
The grasping roots constrict the adder.
You kill the adder!
Dithmenos accepts your kill.
You hit the orc warrior but do no damage.
You squeeze the orc warrior, but do no damage.
The orc warrior is severely wounded.
You constrict the orc warrior, but do no damage.
The orc warrior hits you with a +0 battleaxe!!
You die...

####..## #.......)'..['...
#....K.# #........#####...
#..[..K# #........# #...
#......# #........# #...
#......# #........# #...
#.....S# #........# ####
#....K.# #........#
#.....K#####........########
####..K.K.o@........'.......
#.#######........########
#....# ##'####..†.......
####.#####.####.#########
#.......^........
#..##########.### ...... ...
#.###..# #.# #..# #.#


You could see an orc warrior and 3 kobolds.

Vanquished Creatures
  Sigmund (D:5)
  A black bear (D:5)
  An ogre (D:4)
  A centaur (D:5)
  A bullfrog (D:6)
  A necrophage (D:4)
  3 scorpions
  An orc priest (D:3)
  2 hounds (D:5)
  An iron imp (D:4)
  Jessica (D:2)
  An iguana (D:4)
  2 orc wizards (D:3)
  Natasha (D:3)
  A hound skeleton (D:4)
  4 adders
  A white imp (D:5)
  A dart slug (D:5)
  6 orcs
  6 ball pythons
  3 bats
  8 endoplasms
  A giant cockroach (D:4)
  5 goblins
  8 hobgoblins
  4 quokkas
  3 frilled lizards
  6 kobolds
  7 rats
82 creatures vanquished.

Vanquished Creatures (others)
  2 plants (D:3)
2 creatures vanquished.

Grand Total: 84 creatures vanquished

Notes
Turn   | Place    | Note
-------+----------+-------------------------------------------
     0 | D:1      | Darius099 the Octopode Brigand began the quest for the Orb.
     0 | D:1      | Reached XP level 1. HP: 14/14 MP: 1/1
   309 | D:1      | Reached XP level 2. HP: 19/19 MP: 2/2
   377 | D:1      | Found a faded altar of an unknown god.
  1112 | D:1      | Reached XP level 3. HP: 25/25 MP: 3/3
  1124 | D:1      | Identified 3 scrolls of acquirement
  1124 | D:1      | Acquired 666 gold pieces
  1131 | D:1      | Acquired a manual of Hexes
  1249 | D:2      | Noticed Jessica
  1253 | D:2      | Killed Jessica
  1254 | D:2      | Reached skill level 6 in Stealth
  1254 | D:2      | Reached XP level 4. HP: 30/30 MP: 4/4
  1646 | D:2      | Acquired a manual of Stealth
  1847 | D:3      | Reached XP level 5. HP: 12/36 MP: 5/5
  2170 | D:3      | Found Ymmy Ciutu's Antique Armour Shoppe.
  2278 | D:3      | Reached skill level 7 in Stealth
  2452 | D:3      | Noticed Natasha
  2467 | D:3      | Killed Natasha
  3009 | D:4      | Noticed an ogre
  3063 | D:4      | Found a shadowy altar of Dithmenos.
  3076 | D:4      | Became a worshipper of Dithmenos the Shadowed
  3108 | D:4      | Found Tuuwolaw's General Store.
  3118 | D:4      | Reached skill level 8 in Stealth
  3118 | D:4      | Reached XP level 6. HP: 43/43 MP: 6/6
  3133 | D:4      | Found a snail-covered altar of Cheibriados.
  3169 | D:4      | Reached skill level 9 in Stealth
  3275 | D:4      | Found Koenoidu's Book Boutique.
  3302 | D:4      | Found Gamycsypi's Antique Armour Boutique.
  3374 | D:4      | Found a burning altar of Makhleb.
  3388 | D:4      | Reached XP level 7. HP: 46/49 MP: 7/7
  3719 | D:5      | Entered Level 5 of the Dungeon
  3842 | D:5      | Reached skill level 10 in Stealth
  3893 | D:5      | Found a glowing silver altar of Zin.
  3971 | D:5      | Noticed Sigmund
  3974 | D:5      | Reached skill level 5 in Short Blades
  3978 | D:5      | Reached skill level 5 in Fighting
  3981 | D:5      | Killed Sigmund
  3982 | D:5      | Reached skill level 11 in Stealth
  3982 | D:5      | Reached XP level 8. HP: 55/55 MP: 8/8
  4780 | D:5      | Found a staircase to the Ecumenical Temple.
  5150 | D:6      | Slain by an orc warrior

Illustrated notes

Levels and vault maps discovered:
D:1:      minmay_arrival_hallway, layout_loops_corners, basic_ecumenical_altar,
          minmay_unequal
D:2:      layout_loops_ring, uniq_jessica
D:3:      layout_basic, serial_shops, nicolae_shop_advertising_works
          [nicolae_subvault_shop_adworks], minmay_shallow_snake_nest,
          uniq_natasha
D:4:      layout_rooms, grunt_dithmenos_smoke_and_mirrors,
          makhleb_blood_cavern_becter, slow_altar_1, serial_shops,
          nicolae_square_shop, nicolae_shop_temple_entry_statues_fountains,
          kennysheep_mini_moat, chequers_serial_rivers_large_a,
          minmay_fractal_squares_gapless_5
D:5:      layout_layer_cave, mainiacjoe_overflow_cross_hatched,
          lemuel_temple_firewalk_b, uniq_sigmund
D:6:      layout_basic

Skill      XL: |  1  2  3  4  5  6  7 |
---------------+----------------------+-----
Stealth        | 6 8 9 11 | 11.7
Fighting       | 3 4 5 |  5.7
Short Blades   | 3 4 5 |  5.7
Throwing       | |  2.0
Dodging        | |  1.0

Action                   |  1- 3 |  4- 6 |  7- 9 || total
-------------------------+-------+-------+-------++-------
Melee: Dagger            |    29 |    89 |    38 ||   156
       Tentacles         |     7 |    19 |    11 ||    37
       Constrict         |     4 |    17 |     7 ||    28
       Punch             |       |     3 |       ||     3
Evoke: Wand              |       |       |     2 ||     2
  Use: Scroll            |     2 |     1 |       ||     3
 Stab: Sleeping          |    10 |    12 |    13 ||    35
       Distracted        |       |     1 |       ||     1
Armor: Skin              |       |     1 |       ||     1
Dodge: Dodged            |     7 |    26 |    18 ||    51
